 Dungeon Crawl Stone Soup version 0.25.0-11-g1f837a76a1 (webtiles) character file.

Game seed: 3288389378366215118

64 Esekla the Grave Robber (level 4, 0/33 HPs)
             Began as a Barachi Necromancer on June 28, 2020.
             Slain by a hobgoblin
             ... wielding a +0 club
             ... led by Robin
              (6 damage)
             ... on level 3 of the Dungeon.
             The game lasted 00:12:45 (1960 turns).

Esekla the Grave Robber (Barachi Necromancer)       Turns: 1960, Time: 00:12:46

Health: 0/33       AC:  2    Str:  9    XL:     4   Next: 12%
Magic:  5/8        EV: 13    Int: 16    God:
Gold:   132        SH:  0    Dex: 13    Spells: 5/9 levels left

rFire    + . .     SeeInvis .   e - +0 short sword
rCold    . . .     Gourm    .   (no shield)
rNeg     . . .     Faith    .   a - +0 robe
rPois    .         Spirit   .   (no helmet)
rElec    .         Reflect  .   (no cloak)
rCorr    .         Harm     .   (no gloves)
MR       .....                  (no boots)
Stlth    ++........             (no amulet)
HPRegen  0.11/turn              h - ring of protection from fire
MPRegen  0.11/turn              (no ring)

@: very slightly contaminated, slow
A: +LOS, swims, slowness 1, strong legs 1
a: Hop


You were on level 3 of the Dungeon.
You were not hungry.

You visited 1 branch of the dungeon, and saw 4 of its levels.

You collected 132 gold pieces.

Inventory:

Hand Weapons
 e - a +0 short sword (weapon)
Missiles
 g - 6 poisoned darts (quivered)
Armour
 a - a +0 robe (worn)
 m - a +0 leather armour
Jewellery
 h - a ring of protection from fire (left hand)
Scrolls
 d - a scroll of identify
 f - a scroll of remove curse
 i - a scroll of teleportation
 j - 2 scrolls of blinking {unknown}
Potions
 b - a potion of ambrosia
 k - 2 potions of magic
 l - a potion of lignification
 n - a potion of mutation
Comestibles
 c - 2 rations
 o - a chunk of flesh


   Skills:
 * Level 2.0 Fighting
 + Level 1.2 Short Blades
 * Level 2.9 Dodging
 - Level 1.7 Stealth
 * Level 3.0 Spellcasting
 + Level 3.7 Necromancy


You had 5 spell levels left.
You knew the following spells:

 Your Spells              Type           Power        Failure   Level  Hunger
a - Pain                  Necr           ##..         4%          1    #......
d - Vampiric Draining     Necr           ##........   12%         3    ###....

Your spell library contained the following spells:

 Spells                   Type           Power        Failure   Level  Hunger
 Animate Skeleton         Necr           N/A          4%          1    #......
 Animate Dead             Necr           N/A          36%         4    #####..
 Agony                    Necr           ##......     73%         5    ######.


Dungeon Overview and Level Annotations

Branches:
Dungeon (4/15)
 Temple: D:4-7

Altars:

Annotations:
D:3 Robin
D:4 Purgy


Innate Abilities, Weirdness & Mutations

You can be seen from farther away. (+LOS)
You can swim through water.
You cover ground slowly.
You can hop short distances.


Message History

* * * LOW HITPOINT WARNING * * *
The hobgoblin no longer looks unusually strong.
The goblin hits you with a +0 dagger.
* * * LOW HITPOINT WARNING * * *
The goblin no longer looks unusually strong.
The hobgoblin barely misses you.
The goblin no longer looks unusually strong.
There is an open door here.
Casting: Vampiric Draining (quite dangerous; 12% risk of failure)
Confirm with . or Enter, or press ? or * to list all spells.
The spell is quite dangerous to cast (12% risk of failure)!
Continue anyway?
Aiming: Vampiric Draining (quite dangerous; 12% risk of failure)
Press: ? - help, Shift-Dir - straight line, f - hobgoblin
Aim: a hobgoblin, wielding a +0 club You miscast Vampiric Draining.
You are very lightly contaminated with residual magic.
Nothing appears to happen.
The goblin no longer looks unusually strong.
The hobgoblin hits you with a +0 club.
You die...

#.....
.#############.....
..rg........'.....
.####...######...g.
>.......g..# ##..##
#####.#.##[# #..## ###
#.##g####..##
#<##+#.#........##
#@#..g.#†#.####.##
#.gggr.(.#..# #.#
###gg.#####.###.#
#..........##.#
#..........##.#
#...........#.#
##########.........#.#.#
#...........)......#...#
#............[.######..#


You could see a hobgoblin, 4 goblins and a rat.

Vanquished Creatures
  3 adders (D:2)
  3 worms (D:3)
  A leopard gecko (D:1)
  An orc (D:3)
  A ball python (D:1)
  A giant cockroach (D:1)
  4 hobgoblins
  2 kobolds
  4 bats
  3 frilled lizards
  A goblin (D:3)
  6 rats
30 creatures vanquished.

Notes
Turn   | Place    | Note
-------+----------+-------------------------------------------
     0 | D:1      | Esekla the Barachi Necromancer began the quest for the Orb.
     0 | D:1      | Reached XP level 1. HP: 13/13 MP: 3/3
   212 | D:1      | Reached skill level 1 in Fighting
   212 | D:1      | Reached XP level 2. HP: 14/21 MP: 5/5
   803 | D:2      | Reached XP level 3. HP: 17/27 MP: 4/7
   825 | D:2      | Learned a level 3 spell: Vampiric Draining
   958 | D:2      | Reached skill level 1 in Short Blades
  1694 | D:3      | Reached XP level 4. HP: 32/33 MP: 1/8
  1790 | D:4      | Noticed Purgy
  1940 | D:3      | Noticed Robin
  1960 | D:3      | Slain by a hobgoblin

Illustrated notes

Levels and vault maps discovered:
D:1:      evilmike_arrival_crescent, layout_basic
D:2:      layout_rooms, serial_park_tiny_pond
D:3:      minmay_razor_zed, layout_basic, uniq_robin, uniq_ijyb
D:4:      layout_basic, nicolae_overflow_hidden_temple,
          chequers_temple_overflow_minitemple, nicolae_qazlal_style_of_elements,
          uniq_purgy

Skill      XL: |  1  2  3  4 |
---------------+-------------+-----
Fighting       | 1 2 |  2.0
Short Blades   | 1 |  1.2
Spellcasting   | 3 |  3.0
Dodging        | |  2.9
Stealth        | |  1.7
Necromancy     | |  3.7

Action                   |  1- 3 |  4- 6 || total
-------------------------+-------+-------++-------
Melee: Short sword       |    74 |    15 ||    89
Throw: Dart              |    10 |     1 ||    11
 Cast: Pain              |     5 |       ||     5
       Vampiric Draining |     7 |     2 ||     9
 Abil: Hop               |     1 |     1 ||     2
  Use: Scroll            |     5 |     1 ||     6
 Stab: Sleeping          |     5 |       ||     5
  Eat: Chunk             |     3 |     2 ||     5
Armor: Robe              |    16 |     1 ||    17
Dodge: Dodged            |    65 |    14 ||    79
